 Dungeon Crawl Stone Soup version 0.22.1-5-g62c59d9 (webtiles) character file.

1136 Loza the Covered (level 8, -8/68 HPs)
             Began as a Minotaur Fighter on Jan 10, 2019.
             Was a Believer of Zin.
             Mangled by dvd's ghost (11 damage)
             ... on level 7 of the Dungeon.
             The game lasted 00:40:01 (4245 turns).

Loza the Covered (Minotaur Fighter)                 Turns: 4245, Time: 00:40:01

Health: -8/68      AC: 10    Str: 23    XL:     8   Next: 14%
Magic:  7/7        EV:  9    Int:  5    God:    Zin [**....]
Gold:   292        SH: 10    Dex: 10    Spells: 7/7 levels left

rFire    . . .     SeeInvis .   q - -3 long sword (curse)
rCold    . . .     Gourm    .   c - +0 shield
rNeg     . . .     Faith    .   b - +0 scale mail
rPois    .         Spirit   .   (helmet restricted)
rElec    .         Reflect  .   (no cloak)
rCorr    .         Harm     .   u - +0 pair of gloves
MR       .....                  C - +0 pair of boots
Stlth    ..........             (no amulet)
HPRegen  0.21/turn              (no ring)
MPRegen  0.10/turn              (no ring)

@: no status effects
A: retaliatory headbutt, horns 2
a: Recite, Vitalisation, Donate Gold, Renounce Religion


You were on level 7 of the Dungeon.
You worshipped Zin.
Zin was pleased with you.
You were hungry.

You visited 2 branches of the dungeon, and saw 8 of its levels.

You collected 324 gold pieces.
You donated 32 gold pieces to Zin.

Inventory:

Hand Weapons
 a - a +0 rapier
 g - a cursed +0 dagger
 h - a +0 dagger
 m - a +0 giant spiked club
 p - a +0 hand axe
 q - a cursed -3 long sword (weapon)
Armour
 b - a +0 scale mail (worn)
 c - a +0 shield (worn)
 k - a +0 scale mail
 o - a +0 scale mail
 u - a +0 pair of gloves (worn)
 C - a +0 pair of boots (worn)
Jewellery
 y - an uncursed amulet of the acrobat {unknown}
Scrolls
 e - a scroll of amnesia {unknown}
 i - 4 scrolls of identify {unknown}
 l - a scroll of enchant armour {unknown}
 n - 4 scrolls of remove curse {unknown}
 r - 3 scrolls of teleportation {unknown}
 t - a scroll of blinking {unknown}
 x - a scroll of noise {unknown}
 z - 2 scrolls of magic mapping {unknown}
 A - a scroll of fog {unknown}
 B - 2 scrolls of random uselessness {unknown}
Potions
 d - a potion of might
 j - a potion of brilliance {unknown}
 s - a potion of ambrosia {unknown}
 v - a potion of magic {unknown}
 w - a potion of lignification {unknown}
Comestibles
 f - 6 rations


   Skills:
 + Level 5.2 Fighting
 + Level 4.2(5.2) Short Blades
 + Level 5.0(5.9) Long Blades
 + Level 6.9 Armour
 + Level 2.4 Dodging
 + Level 0.6 Stealth
 + Level 6.4 Shields


You had 7 spell levels left.
You didn't know any spells.
Your spell library contained the following spells:

 Spells                   Type           Power        Failure   Level  Hunger
 Animate Skeleton         Necr           N/A          98%         1    ##.....
 Apportation              Tloc           #.....       98%         1    ##.....
 Confusing Touch          Hex            #.....       98%         1    ##.....
 Summon Small Mammal      Summ           #...         98%         1    ##.....
 Call Imp                 Summ           #.......     99%         2    ###....
 Call Canine Familiar     Summ           #.......     100%        3    ####...
 Summon Guardian Golem    Hex/Summ       #.......     100%        3    ####...
 Summon Ice Beast         Ice/Summ       #.......     100%        4    #####..
 Summon Lightning Spire   Summ/Air       #.......     100%        4    #####..
 Bolt of Magma            Conj/Fire/Erth #.........   100%        5    ######.
 Iskenderun's Battlesphe  Conj/Chrm      #.......     100%        5    ######.
 Venom Bolt               Conj/Pois      #.........   100%        5    ######.
 Iron Shot                Conj/Erth      #.........   100%        6    #######
 Orb of Destruction       Conj           #.........   100%        7    #######
 Spellforged Servitor     Conj/Summ      #.........   100%        7    #######


Dungeon Overview and Level Annotations

Branches:
Dungeon (7/15)             Temple (1/1) D:4

Altars:
Ashenzari
Cheibriados
Elyvilon
Fedhas
Gozag
Hepliaklqana
Kikubaaqudgha
Makhleb
Nemelex Xobeh
Okawaru
Qazlal
Ru
Sif Muna
Uskayaw
Vehumet
Xom
Yredelemnul
Zin
The Shining One

Annotations:
D:7 dvd's ghost, novice VSFi


Innate Abilities, Weirdness & Mutations

You reflexively headbutt those who attack you in melee.
You have a pair of horns on your head.


Message History

You block dvd's ghost's attack.
You barely miss dvd's ghost.
Dvd's ghost is heavily damaged.
Dvd's ghost hits you.
* * * LOW HITPOINT WARNING * * *
You hit dvd's ghost but do no damage. You headbutt dvd's ghost!
Dvd's ghost is severely damaged.
Dvd's ghost hits you.
* * * LOW HITPOINT WARNING * * *
Dvd's ghost barely misses you.
Your scale mail prevents you from hitting dvd's ghost.
Your headbutt misses dvd's ghost.
Dvd's ghost is severely damaged.
Dvd's ghost barely misses you.
You riposte.
You hit dvd's ghost but do no damage. You headbutt dvd's ghost.
Dvd's ghost is severely damaged.
You barely miss dvd's ghost.
Dvd's ghost is severely damaged.
Dvd's ghost hits you!
You die...

#.#
#..
#.#
#.#
...
#.# #
#.# #
#W# #
#@# #
#.# #
### #
#####
.....


You could see dvd's ghost.

Vanquished Creatures
  A black bear (D:6)
  2 ogres (D:5)
  2 phantoms
  A centaur (D:6)
  A bullfrog (D:5)
  3 hounds
  2 orc wizards (D:3)
  2 iguanas
  Terence (D:2)
  3 worker ants
  2 worker ant zombies
  A howler monkey zombie (D:6)
  4 gnolls (D:5)
  A river rat (D:5)
  5 adders
  A shadow imp (D:6)
  An ooze (D:3)
  2 adder zombies
  3 adder skeletons
  2 worms
  3 leopard geckos
  12 orcs
  3 ball pythons
  7 giant cockroaches
  6 goblins
  6 hobgoblins
  5 jackals
  11 kobolds
  2 quokkas
  7 bats
  6 frilled lizards
  A jackal zombie (D:5)
  A leopard gecko skeleton (D:5)
  A quokka skeleton (D:5)
  4 rats
  A plant (Temple)
116 creatures vanquished.

Vanquished Creatures (others)
  An orc (D:6)
  A withered plant (D:7)
2 creatures vanquished.

Grand Total: 118 creatures vanquished

Notes
Turn   | Place    | Note
-------+----------+-------------------------------------------
     0 | D:1      | Loza the Minotaur Fighter began the quest for the Orb.
     0 | D:1      | Reached XP level 1. HP: 19/19 MP: 0/0
   199 | D:1      | Reached XP level 2. HP: 27/27 MP: 1/1
   548 | D:2      | Reached XP level 3. HP: 32/33 MP: 2/2
   596 | D:2      | Noticed Terence
   609 | D:2      | Killed Terence
   609 | D:2      | Reached XP level 4. HP: 38/40 MP: 3/3
   878 | D:2      | Found an ancient bone altar of Kikubaaqudgha.
  1063 | D:3      | Reached XP level 5. HP: 31/46 MP: 4/4
  1807 | D:4      | Found a staircase to the Ecumenical Temple.
  1820 | Temple   | Entered the Ecumenical Temple
  1920 | Temple   | Became a worshipper of Zin the Law-Giver
  1920 | Temple   | Reached * piety under Zin
  2385 | D:4      | Found a sacrificial altar of Ru.
  2416 | D:5      | Entered Level 5 of the Dungeon
  2446 | D:5      | Reached ** piety under Zin
  2507 | D:5      | Reached skill level 1 in Long Blades
  2514 | D:5      | Reached XP level 6. HP: 20/53 MP: 5/5
  2531 | D:5      | Reached skill level 5 in Armour
  2635 | D:5      | Reached skill level 1 in Dodging
  2635 | D:5      | Reached skill level 5 in Shields
  2858 | D:5      | Found a glowing drain.
  2929 | D:5      | Reached XP level 7. HP: 50/60 MP: 6/6
  3485 | D:6      | Reached skill level 5 in Fighting
  3548 | D:6      | Found a shimmering altar of Xom.
  3979 | D:7      | Found an iron altar of Okawaru.
  4016 | D:7      | Reached XP level 8. HP: 53/68 MP: 7/7
  4058 | D:7      | Found a runed door.
  4059 | D:7      | Noticed dvd's ghost (novice VSFi)
  4167 | D:6      | Reached skill level 5 in Long Blades
  4243 | D:7      | HP: 2/68 [dvd's ghost (6)]
  4245 | D:7      | Mangled by dvd's ghost

Skill      XL: |  1  2  3  4  5  6  7  8 |
---------------+-------------------------+-----
Armour         | 4 5 6 |  6.9
Shields        | 4 5 6 |  6.4
Fighting       | 4 5 |  5.2
Short Blades   | 3 4 |  4.2
Long Blades    | 1 2 4 5 |  5.0
Dodging        | 1 2 |  2.4
Stealth        | |  0.6

Action                   |  1- 3 |  4- 6 |  7- 9 || total
-------------------------+-------+-------+-------++-------
Melee: Rapier            |    66 |    89 |       ||   155
       Headbutt          |     6 |    41 |    49 ||    96
       Long sword        |       |   138 |   193 ||   331
  Use: Potion            |       |     1 |       ||     1
  Eat: Chunk             |       |     3 |     1 ||     4
       Ration            |       |     2 |       ||     2
Armor: Scale mail        |    34 |    71 |    71 ||   176
Dodge: Dodged            |    28 |    53 |    64 ||   145
Block: Shield            |    34 |   102 |   102 ||   238
       Rpst.: Long sword |       |     8 |    18 ||    26
